 Dungeon Crawl Stone Soup version 0.23.2-1-ga50397a (webtiles) character file.

Game seed: 5067640159551189906

751 kaladindcss the Cleaver (level 7, 0/61 HPs)
             Began as a Hill Orc Monk on May 21, 2019.
             Was a Believer of Beogh.
             Succumbed to an orc's poison
             ... on level 6 of the Dungeon.
             The game lasted 00:09:31 (7556 turns).

kaladindcss the Cleaver (Hill Orc Monk)             Turns: 7556, Time: 00:09:32

Health: 0/61       AC:  7    Str: 18    XL:     7   Next: 78%
Magic:  8/8        EV: 15    Int: 10    God:    Beogh [**....]
Gold:   311        SH:  0    Dex: 13    Spells: 6/6 levels left

rFire    . . .     SeeInvis .   a - +0 hand axe
rCold    . . .     Gourm    .   (no shield)
rNeg     . . .     Faith    .   h - +0 scale mail
rPois    .         Spirit   .   (no helmet)
rElec    .         Reflect  .   (no cloak)
rCorr    .         Harm     .   (no gloves)
MR       .....                  (no boots)
Stlth    +.........             (no amulet)
HPRegen  0.20/turn              d - +2 ring of strength
MPRegen  0.11/turn              r - +4 ring of evasion

@: lethally poisoned (0 -> -4)
A: no striking features
a: Smiting, Renounce Religion


You were on level 6 of the Dungeon.
You worshipped Beogh.
Beogh was pleased with you.
You were not hungry.

You visited 1 branch of the dungeon, and saw 6 of its levels.

You collected 311 gold pieces.

Inventory:

Hand Weapons
 a - a +0 hand axe (weapon)
Armour
 h - a +0 scale mail (worn)
Jewellery
 d - a +2 ring of strength (left hand)
 r - a +4 ring of evasion (right hand)
Wands
 b - a wand of scattershot (5)
 s - a wand of flame (19)
Scrolls
 e - a scroll of fog {unknown}
 f - a scroll of noise
 i - 2 scrolls of magic mapping
 j - a scroll of amnesia {unknown}
 l - a scroll of blinking
 n - a scroll of enchant armour {unknown}
 p - 4 scrolls of remove curse
Potions
 g - a potion of brilliance
 k - a potion of degeneration {unknown}
 m - 2 potions of flight
 q - a potion of mutation {unknown}
 t - a potion of curing
Comestibles
 c - 6 rations


   Skills:
 * Level 5.4 Fighting
 + Level 8.1 Axes
 + Level 4.2 Armour
 - Level 3.3 Dodging
 - Level 1.9 Stealth
 * Level 1.6 Invocations


You had 6 spell levels left.
You didn't know any spells.
Your spell library contained the following spells:

 Spells                   Type           Power        Failure   Level  Hunger
 Magic Dart               Conj           #...         75%         1    ##.....
 Blink                    Tloc           N/A          86%         2    ###....
 Call Imp                 Summ           #.......     86%         2    ###....
 Slow                     Hex            #.......     86%         2    ###....
 Conjure Flame            Conj/Fire      #.......     98%         3    ####...
 Mephitic Cloud           Conj/Pois/Air  #.......     98%         3    ####...


Dungeon Overview and Level Annotations

Branches:
Dungeon (6/15)             Temple (0/1) D:4

Altars:
Elyvilon
Fedhas
Ru


Message History

You kill the orc wizard!
Beogh accepts your kill.
The orc throws a poisoned tomahawk.
The poisoned tomahawk hits you but does no damage.
The orc throws a poisoned tomahawk.
The poisoned tomahawk hits you but does no damage.
You are lethally poisoned!
Things that are here:
a poisoned tomahawk; a +0 falchion You closely miss the orc.
* * * LOW HITPOINT WARNING * * *
You feel sick. The orc barely misses you.
You hit the orc.
The orc is heavily wounded.
* * * LOW HITPOINT WARNING * * *
You feel sick. The orc barely misses you.
You hit the orc.
The orc is severely wounded.
You feel yourself speed up.
You die...

.# .# .# o# o#
.#
#############.#
#......)(@o...#
#.##############
#.# #.......#
#.# ####.#...#.#
#.# #........#.#
#)# #.##.#.###.#
#.###.##.#.....#
#.#<#.##.#######
#.#.#.##.#


You could see an orc.

Vanquished Creatures
  Sigmund (D:5)
  Edmund (D:4)
  An ice beast (D:5)
  An ogre (D:5)
  A hound (D:4)
  2 orc wizards
  A worker ant (D:5)
  Natasha (thrice) (D:4)
  A hound skeleton (D:4)
  3 adders
  2 adder skeletons
  2 worms
  4 leopard geckos
  7 orcs
  2 bats
  5 giant cockroaches
  4 goblins
  10 hobgoblins
  9 jackals
  A quokka (D:4)
  7 frilled lizards
  A jackal zombie (D:5)
  6 kobolds
  A leopard gecko skeleton (D:4)
  A leopard gecko zombie (D:5)
  6 rats
83 creatures vanquished.

Vanquished Creatures (others)
  2 goblins (D:3)
  A hobgoblin (D:3)
  A kobold (D:3)
  4 toadstools (D:1)
8 creatures vanquished.

Grand Total: 91 creatures vanquished

Notes
Turn   | Place    | Note
-------+----------+-------------------------------------------
     0 | D:1      | kaladindcss the Hill Orc Monk began the quest for the Orb.
     0 | D:1      | Reached XP level 1. HP: 19/19 MP: 1/1
   203 | D:1      | Reached XP level 2. HP: 16/27 MP: 2/2
  1347 | D:1      | Reached XP level 3. HP: 28/33 MP: 3/3
  2616 | D:3      | Reached XP level 4. HP: 34/40 MP: 4/4
  2710 | D:3      | Reached skill level 5 in Axes
  2721 | D:3      | Became a worshipper of Beogh the Brigand
  2721 | D:3      | Reached * piety under Beogh
  2721 | D:3      | Reached ** piety under Beogh
  3128 | D:3      | Found a faded altar of an unknown god.
  3628 | D:4      | Found a staircase to the Ecumenical Temple.
  3655 | D:4      | Reached skill level 1 in Armour
  3660 | D:4      | Noticed Natasha
  3666 | D:4      | Killed Natasha
  3666 | D:4      | Reached XP level 5. HP: 46/47 MP: 5/5
  3785 | D:4      | Noticed Edmund
  3825 | D:4      | Killed Edmund
  3825 | D:4      | Reached skill level 6 in Axes
  3825 | D:4      | Reached XP level 6. HP: 20/53 MP: 0/6
  3979 | D:4      | Noticed Natasha
  4004 | D:5      | Entered Level 5 of the Dungeon
  4446 | D:4      | Killed Natasha
  4655 | D:4      | Found a sacrificial altar of Ru.
  4888 | D:4      | Noticed Natasha
  4902 | D:4      | Killed Natasha
  5278 | D:5      | Noticed Sigmund
  5888 | D:5      | Killed Sigmund
  5888 | D:5      | Reached skill level 7 in Axes
  5888 | D:5      | Reached XP level 7. HP: 38/60 MP: 7/7
  6046 | D:5      | Reached skill level 5 in Fighting
  6576 | D:5      | Reached skill level 8 in Axes
  6576 | D:5      | Reached skill level 1 in Invocations
  6970 | D:5      | Found a blossoming altar of Fedhas.
  7183 | D:5      | Found a white marble altar of Elyvilon.
  7549 | D:6      | HP: 3/61 [orc wizard/magic dart (11)]
  7554 | D:6      | HP: 2/61 [poisoned by an orc]
  7556 | D:6      | Succumbed to an orc's poison

Skill      XL: |  1  2  3  4  5  6  7 |
---------------+----------------------+-----
Fighting       | 4 5 |  5.4
Axes           | 5 6 7 8 |  8.1
Dodging        | 3 |  3.3
Armour         | 1 2 3 4 |  4.2
Invocations    | 1 |  1.6
Stealth        | |  1.9

Action                   |  1- 3 |  4- 6 |  7- 9 || total
-------------------------+-------+-------+-------++-------
Melee: Hand axe          |   131 |   197 |   131 ||   459
Invok: Convert to Beogh  |       |     1 |       ||     1
  Use: Scroll            |     2 |     4 |     2 ||     8
       Potion            |       |     2 |     1 ||     3
 Stab: Sleeping          |     1 |       |       ||     1
  Eat: Ration            |     3 |     2 |     2 ||     7
Armor: Robe              |    17 |       |       ||    17
       Scale mail        |    27 |    84 |    26 ||   137
Dodge: Dodged            |    70 |   135 |    91 ||   296
